Ben, chaotic male elven Wizard @ ----- +... |...| ...@.### |...|# .....# |...| ########## ---|- # --.--------- # # |..........| ####################### |..........| |..........| ------------ Ben the Conjurer Experience level: 5 Strength: 11 Dexterity: 18 Constitution: 15 Intelligence: 18 Wisdom: 10 Charisma: 9 Health: 0(36) Energy: 48(48) AC: 8 Gold: 121 Moves: 1624 Your Inventory: Coins $ - 121 gold pieces Weapons a - a blessed +1 quarterstaff (weapon in hands) Armor b - an uncursed +0 cloak of magic resistance (being worn) B - an [uncursed] +0 iron skull cap [orcish helm] (being worn) Comestibles E - an [uncursed] tripe ration Scrolls i - an uncursed scroll of enchant armor j - an uncursed scroll of identify k - an uncursed scroll of create monster y - an uncursed scroll of light J - a [blessed] scroll of fire Spellbooks l - a blessed spellbook of force bolt m - a blessed spellbook of sleep Potions f - an uncursed potion of restore ability g - an uncursed potion of booze h - a blessed potion of restore ability p - a cursed potion of sleeping Rings d - an uncursed +2 ring of gain dexterity (on left hand) e - a blessed +1 ring of gain strength (on right hand) r - an [uncursed] diamond ring [of polymorph control] D - an [uncursed] obsidian ring [of sustain ability] Wands c - an uncursed wand of light (0:12) G - an [uncursed] steel wand [of speed monster (0:4)] Tools n - an uncursed bell w - an [uncursed] lock pick z - an [uncursed] figurine of a jackal Gems s - an [uncursed] red gem [worthless glass] Spells known in the end: Name Level Category Fail Memory a - force bolt 1 attack 0% [||||||||] b - sleep 1 enchantment 0% [||||||||] Your skills at the end: Fighting Skills Weapon Skills quarterstaff [Basic / Expert] Spellcasting Skills attack spells [Basic / Expert] enchantment spells [Basic / Skilled] Final Attributes: You were devoutly aligned. Hunger level was 943. Your alignment was 18 / 18. Monster difficulty range was 0 - 5. Level difficulty was 5. You were immune to sleep. You were magic-protected. You were blinded. You saw invisible. You were telepathic. You had infravision. Your luck was zero. You are dead. Vanquished creatures: 2 small mimics a yellow light a giant ant a floating eye 2 rothes a coyote a gas spore a hobbit 2 giant rats 3 cave spiders a yellow mold a red mold 2 geckos a jackal a fox 2 goblins 2 sewer rats a grid bug a lichen 5 newts 32 creatures vanquished. Voluntary challenges: You were an atheist. You used a wielded weapon 35 times. You read items or engraved 2 times. You put on armor 2 times. You never genocided any monsters. You never polymorphed an object. You never changed form. You used no wishes. You never wrote Elbereth's name. You never encountered a bones level. You never used any Sokoban shortcuts. Dungeon overview: The Dungeons of Doom: levels 1 to 5 Level 1 a long staircase Level 2 a general store, an altar to Anhur Level 3 a general store Level 4 a long staircase Level 5 <- You were here History has recorded: On T:1 you entered the Dungeons of Doom to retrieve the Amulet of Yendor! On T:341 you reached level 2 of The Dungeons of Doom. On T:584 you advanced to experience level 2. On T:655 you advanced to experience level 3. On T:671 you advanced to experience level 4. On T:819 you advanced to experience level 5. On T:841 you reached level 3 of The Dungeons of Doom. On T:1211 you reached level 4 of The Dungeons of Doom. On T:1550 you reached level 5 of The Dungeons of Doom. Latest messages: You finish eating the food ration. [6 turns] You wear a +0 iron skull cap. [HP+1=21] Never mind. Never mind. As you pronounce the formula on it, the scroll disappears. The scroll erupts in a tower of flame! You hear a blast. You kill it! You hear a blast. You are caught in the explosion! Your scroll of scare monster catches fire and burns! Your scroll of gold detection catches fire and burns! Wizard, your life force is running out. Your swirly potion boils and explodes! You die... Final status: Goodbye Ben the Wizard... You died in The Dungeons of Doom on dungeon level 5 with 807 points, and 121 pieces of gold, after 1624 moves. You were level 5 with a maximum of 36 hit points when you died.